 Dungeon Crawl Stone Soup version 0.27-a0-899-ge2d0b17c59 (webtiles) character file.

Game seed: 14701882230928441356

1639 robertstho the Covert (level 8, 0/56 HPs)
             Began as an Octopode Berserker on Apr 5, 2021.
             Was an Elder of Trog.
             Slain by an ice beast (11 damage)
             ... on level 6 of the Dungeon.
             The game lasted 00:05:22 (4270 turns).

robertstho the Covert (Octopode Berserker)          Turns: 4270, Time: 00:05:22

Health: 0/56       AC:  1    Str: 18    XL:     8   Next: 99%
Magic:  8/8        EV: 15    Int:  9    God:    Trog [****..]
Gold:   428        SH:  0    Dex: 12    Spells: 7/7 levels left

rFire    . . .     SeeInvis .   o - +1 dire flail (venom)
rCold    . . .     Faith    .   (shield currently unavailable)
rNeg     + . .     Spirit   .   (helmet restricted)
rPois    .         Reflect  .   (no amulet)
rElec    .         Harm     .   i - ring of positive energy
rCorr    .         Rampage  .   (no ring)
Will     .....                  (no ring)
Stlth    +++++.....             (no ring)
HPRegen  0.18/turn              (no ring)
MPRegen  0.11/turn              (no ring)
                                (no ring)
                                (no ring)

@: no status effects
A: almost no armour, amphibious, 8 rings, camouflage 1, gelatinous body 1,
(nimble swimmer 1), tentacles
a: Renounce Religion, Berserk, Trog's Hand, Brothers in Arms


You were on level 6 of the Dungeon.
You worshipped Trog.
Trog was greatly pleased with you.
You visited 1 branch of the dungeon, and saw 6 of its levels.

You collected 428 gold pieces.

Inventory:

Hand Weapons
 b - a +2 dagger of protection
 k - a +2 spear of venom
 o - a +1 dire flail of venom (weapon)
Jewellery
 i - a ring of positive energy (left tentacle)
Wands
 g - a wand of digging (4)
 h - a wand of polymorph (9)
 n - a wand of flame (21)
Scrolls
 e - 3 scrolls of teleportation
 j - 2 scrolls of enchant weapon {unknown}
 m - a scroll of fear {unknown}
 q - a scroll of enchant armour {unknown}
Potions
 a - 3 potions of curing
 c - a potion of experience {unknown}
 d - 2 potions of heal wounds {unknown}
 f - a potion of might {unknown}
 l - a potion of lignification {unknown}
 p - a potion of degeneration {unknown}


   Skills:
 * Level 5.5 Fighting
 + Level 4.7 Short Blades
 + Level 2.5 Maces & Flails
 + Level 1.9 Polearms
 * Level 5.8 Dodging
 * Level 9.4 Stealth
 + Level 0.8 Unarmed Combat


You had 7 spell levels left.
You didn't know any spells.
Your spell library was empty.

Dungeon Overview and Level Annotations

Branches:
Dungeon (6/15)             Temple (0/1) D:4

Altars:
Ashenzari
Dithmenos
Gozag
Xom
The Shining One


Innate Abilities, Weirdness & Mutations

You cannot wear most types of armour.
You are amphibious.
You can wear up to eight rings at the same time.
Your skin changes colour to match your surroundings (Stealth+).
Your rubbery body absorbs attacks. (AC +1, EV +1)
((You are camouflaged near water. (Stealth+)))
You have tentacles for arms and can constrict up to eight enemies at once.


Message History

No target in view!
Key pressed, stopping explore.
An ice beast comes into view.
An ice beast is nearby!
An ice beast is nearby!
An ice beast is nearby!
An ice beast is nearby!
The helpless ice beast fails to defend itself.
You hit the ice beast. You squeeze the ice beast.
The ice beast is lightly wounded.
The ice beast barely misses you.
You closely miss the ice beast.
You squeeze the ice beast, but do no damage.
The ice beast is lightly wounded.
The ice beast misses you.
You hit the ice beast. You squeeze the ice beast.
The ice beast is moderately wounded.
The ice beast misses you.
You barely miss the ice beast.
The ice beast is moderately wounded.
The ice beast barely misses you.
You barely miss the ice beast.
The ice beast is moderately wounded.
The ice beast misses you.
You hit the ice beast.
The ice beast is heavily wounded.
The ice beast hits you. The ice beast freezes you!
You barely miss the ice beast.
The ice beast is heavily wounded.
The ice beast hits you. The ice beast freezes you! The ice beast hits you.
The ice beast freezes you!
* * * LOW HITPOINT WARNING * * *
You are too injured to fight recklessly!
You are too injured to fight recklessly!
You are too injured to fight recklessly!
Okay, then.
You feel better. The ice beast hits you.
* * * LOW HITPOINT WARNING * * *
The ice beast freezes you!
You die...

#........##..≈.≈l≈....#
#.###....###≈≈.......##
#........#
#####....#########
#.............
.....####.#######
......# #.#
......####.#
.......Y@..#
......###### .... .


You could see an ice beast.

Vanquished Creatures
  Sigmund (D:6)
  A shadow (D:3)
  A water moccasin (D:3)
  Edmund (D:6)
  A sky beast (D:6)
  A black bear (D:4)
  2 necrophages (D:6)
  A kobold brigand (D:6)
  A phantom (D:5)
  A gnoll sergeant (D:6)
  2 scorpions (D:5)
  A bullfrog skeleton (D:5)
  A jelly (D:6)
  2 centaur skeletons
  An iguana (D:6)
  Natasha (thrice) (D:3)
  An orc wizard (D:4)
  5 adders
  3 gnolls (D:6)
  A shadow imp (D:6)
  4 worms
  10 orcs
  5 ball pythons
  7 endoplasms
  3 giant cockroaches
  10 goblins
  6 hobgoblins
  13 jackals
  4 quokkas
  9 bats
  3 frilled lizards
  13 kobolds
  2 rats (D:3)
120 creatures vanquished.

Vanquished Creatures (others)
  20 fungi (D:6)
20 creatures vanquished.

Grand Total: 140 creatures vanquished

Notes
Turn   | Place    | Note
-------+----------+-------------------------------------------
     0 | D:1      | robertstho the Octopode Berserker began the quest for the
                  | Orb.
     0 | D:1      | Reached XP level 1. HP: 16/16 MP: 1/1
   106 | D:1      | Reached XP level 2. HP: 17/21 MP: 2/2
   192 | D:1      | Reached skill level 1 in Stealth
   281 | D:1      | Found a faded altar of an unknown god.
   349 | D:1      | Reached XP level 3. HP: 26/26 MP: 3/3
   401 | D:2      | Found a shadowy altar of Dithmenos.
   486 | D:2      | Reached ** piety under Trog
   574 | D:2      | Reached XP level 4. HP: 33/33 MP: 4/4
   581 | D:2      | Reached skill level 2 in Stealth
  1228 | D:3      | Noticed Natasha
  1233 | D:3      | Reached *** piety under Trog
  1236 | D:3      | Killed Natasha
  1237 | D:3      | Reached skill level 3 in Stealth
  1237 | D:3      | Reached XP level 5. HP: 37/37 MP: 5/5
  1245 | D:3      | Noticed a water moccasin
  1249 | D:3      | Noticed Natasha
  1256 | D:3      | Killed Natasha
  1286 | D:3      | Noticed Natasha
  1297 | D:3      | Killed Natasha
  1306 | D:3      | Found a broken altar of Ashenzari.
  1307 | D:3      | Noticed a shadow
  1545 | D:3      | Found a transporter.
  1557 | D:3      | Found a transporter.
  1601 | D:3      | Killed a water moccasin
  1602 | D:3      | Reached skill level 4 in Stealth
  1602 | D:3      | Reached XP level 6. HP: 42/43 MP: 6/6
  1607 | D:3      | Killed a shadow
  1608 | D:3      | Reached skill level 5 in Stealth
  1783 | D:4      | Reached XP level 7. HP: 48/48 MP: 7/7
  1838 | D:4      | Found a staircase to the Ecumenical Temple.
  1886 | D:4      | Found a shimmering altar of Xom.
  1892 | D:4      | Found an opulent altar of Gozag.
  1969 | D:4      | Reached skill level 6 in Stealth
  2173 | D:5      | Entered Level 5 of the Dungeon
  2455 | D:5      | Found a shadowy altar of Dithmenos.
  2459 | D:5      | Reached skill level 7 in Stealth
  3069 | D:5      | Reached skill level 5 in Dodging
  3222 | D:6      | Reached XP level 8. HP: 54/54 MP: 8/8
  3241 | D:6      | Noticed Sigmund
  3252 | D:6      | Killed Sigmund
  3253 | D:6      | Reached skill level 1 in Polearms
  3253 | D:6      | Reached skill level 8 in Stealth
  3368 | D:6      | Noticed Edmund
  3375 | D:6      | Killed Edmund
  3376 | D:6      | Reached skill level 5 in Fighting
  3516 | D:6      | Reached skill level 9 in Stealth
  3517 | D:6      | Reached **** piety under Trog
  3753 | D:6      | Reached skill level 1 in Maces & Flails
  3848 | D:6      | Found a glowing golden altar of the Shining One.
  4270 | D:6      | Slain by an ice beast

Illustrated notes

Levels and vault maps discovered:
D:1:      tarquinn_simple_flora_water_a, layout_rooms,
          shapermc_ecumenical_altar_notcrosses, feat_on_display
D:2:      layout_rooms, basic_altar
D:3:      wad_pebble_path, layout_rooms, gammafunk_temple_overflow_arena,
          uniq_natasha
D:4:      layout_rooms, grunt_gozag_statues, kennysheep_mini,
          minmay_temple_entry_gardened_gates
D:5:      layout_basic, grunt_dithmenos_shadows, roderic_lattice_a,
          minmay_misc_feat_diagonals, kennysheep_generic_room_6
D:6:      layout_basic, tso_metal_star, serial_aquarium,
          aquarium_bridge_island_small [aquarium_subvault_small_open,
          aquarium_subvault_wall, aquarium_subvault_bridge,
          aquarium_subvault_window, aquarium_subvault_wall],
          aquarium_bridge_straight [aquarium_subvault_bridge,
          aquarium_subvault_wall, aquarium_subvault_bridge,
          aquarium_subvault_wall], aquarium_window_corner,
          aquarium_window_corner, aquarium_window_corridor_3, aquarium_view_2c,
          aquarium_view_2d, sigmund_edmund_badplayer

Skill      XL: |  1  2  3  4  5  6  7  8 |
---------------+-------------------------+-----
Stealth        | 1 3 4 5 7 9 |  9.4
Fighting       | 4 5 |  5.5
Short Blades   | 4 |  4.7
Dodging        | 4 5 |  5.8
Polearms       | 1 |  1.9
Maces & Flails | 2 |  2.5
Unarmed Combat | |  0.8

Action                   |  1- 3 |  4- 6 |  7- 9 || total
-------------------------+-------+-------+-------++-------
Melee: Dagger            |    65 |    82 |     8 ||   155
       Short sword       |     5 |       |       ||     5
       Tentacles         |    19 |    12 |    22 ||    53
       Constrict         |    17 |    19 |    24 ||    60
       Unarmed           |       |     6 |       ||     6
       Spear             |       |       |    59 ||    59
       Dire flail        |       |       |    49 ||    49
Invok: Berserk           |     1 |     1 |     6 ||     8
  Use: Scroll            |       |     3 |     2 ||     5
       Potion            |       |       |     1 ||     1
 Stab: Sleeping          |     6 |     5 |    13 ||    24
Armor: Skin              |    18 |    17 |     5 ||    40
Dodge: Dodged            |    39 |    46 |    86 ||   171

Table legend: (Time is in decaauts)
 A = Elapsed time spent in this place.
 B = Non-inter-level travel time spent in this place.
 C = Inter-level travel time spent in this place.
 D = Time resting spent in this place.
 E = Time spent auto-exploring this place.
 F = Levels seen in this place.
 G = Mean time per level.
                   A        B        C        D        E       F      G
               +--------+--------+--------+--------+--------+-----+--------+
         Total |   4323 |   4223 |    100 |    258 |   3259 |   6 |  720.5 |
       Dungeon |   4323 |   4223 |    100 |    258 |   3259 |   6 |  720.5 |
               +--------+--------+--------+--------+--------+-----+--------+

Top non-repeatable levels by time:
     D:6: 1152 daAuts
     D:5: 1007 daAuts
     D:3: 851 daAuts
     D:2: 497 daAuts
     D:4: 412 daAuts
     D:1: 400 daAuts
